 Dungeon Crawl Stone Soup version 0.30-a0-358-g0d69a1922f (webtiles) character file.

Game seed: 11624415417246748815

32 koil the Vexing (level 3, 0/25 HPs)
             Began as a Vampire Enchanter on Nov 10, 2022.
             Slain by Terence
             ... wielding a +1 trident of protection
              (7 damage)
             ... on level 2 of the Dungeon.
             The game lasted 00:04:05 (1309 turns).

koil the Vexing (Vampire Enchanter)                 Turns: 1309, Time: 00:04:05

Health: 0/25       AC:  4    Str:  7    XL:     3   Next: 8%
Magic:  2/6        EV: 12    Int: 19    God:
Gold:   113        SH:  0    Dex: 14    Spells: 1/6 levels left

rFire   . . .      SeeInvis +    a - +1 dagger
rCold   . . .      Faith    .    (no shield)
rNeg    . . .      Spirit   .    b - +0 robe
rPois   .          Reflect  .    (no helmet)
rElec   .          Harm     .    e - +0 cloak
rCorr   .          Rampage  .    g - +0 pair of gloves
Will    .....                    (no boots)
Stlth   +++.......               (no amulet)
HPRegen 0.44/turn                (no ring)
MPRegen 0.10/turn                (no ring)

@: confusing by touch, healing quickly
A: alive, fangs 3, see invisible, vampiric 2
a: Exsanguinate


You were on level 2 of the Dungeon.
You visited 1 branch of the dungeon, and saw 2 of its levels.

You collected 113 gold pieces.

Inventory:

Hand Weapons
 a - a +1 dagger (weapon)
Armour
 b - a +0 robe (worn)
 e - a +0 cloak (worn)
 g - a +0 pair of gloves (worn)
Scrolls
 d - 3 scrolls of identify {unknown}
 f - 2 scrolls of enchant weapon {unknown}
 i - a scroll of enchant armour {unknown}
 k - 2 scrolls of teleportation {unknown}
Potions
 c - 2 potions of invisibility
 h - a potion of berserk rage {unknown}
 j - 2 potions of might {unknown}


   Skills:
 + Level 0.6 Fighting
 + Level 1.6 Short Blades
 + Level 2.5 Dodging
 + Level 4.8 Stealth
 + Level 2.2 Spellcasting
 + Level 4.8 Hexes


You had one spell level left.
You knew the following spells:

 Your Spells              Type           Power      Damage    Failure   Level
a - Ensorcelled Hibernat  Hex/Ice        22%        N/A       10%         2
b - Confusing Touch       Hex            20%        N/A       7%          3

Your spell library contained the following spells:

 Spells                   Type           Power      Damage    Failure   Level
 Tukima's Dance           Hex            20%        N/A       7%          3
 Dazzling Flash           Conj/Hex       22%        N/A       19%         3


Dungeon Overview and Level Annotations

Branches:
Dungeon (2/15)

Altars:
Wu Jian

Shops:
D:1 *=[[[

Annotations:
D:2 Terence


Innate Abilities, Weirdness & Mutations

Your natural rate of healing is accelerated.
You have razor-sharp teeth.
You have supernaturally acute eyesight. (SInv)
You are afflicted with vampirism and can become a bat while bloodless.


Message History

No target in view!
No target in view!
You now have 96 gold pieces (gained 14).
There is a stone staircase leading down here.
You now have 113 gold pieces (gained 17).
Found a pair of gloves.
Okay, then.
A worm comes into view.
Found a sedimented yellow potion and 7 gold pieces.
A goblin comes into view. It is wielding a +0 club.
Found an escape hatch in the ceiling.
The goblin unwields a +0 club.
The goblin wields a +0 sling.
The goblin shoots a sling bullet.
The sling bullet barely misses you.
Cast which spell? (? or * to list)
Aiming: Ensorcelled Hibernation (safe; 10% risk of failure)
Press: ? - help, Shift-Dir - straight line, f - worm
Aim: a worm (chance to affect: 53%)
The worm looks drowsy...
The goblin shoots a sling bullet.
The sling bullet hits you.
The goblin shoots a sling bullet.
The sling bullet closely misses you.
The goblin shoots a sling bullet.
The sling bullet closely misses you.
You hear a shout!
You hit the worm but do no damage.
Terence the Incautious comes into view.
He is wielding a +1 trident of protection.
The goblin shoots a sling bullet.
The sling bullet hits you.
The goblin shoots a sling bullet.
The sling bullet barely misses you.
The goblin shoots a sling bullet.
The sling bullet hits you.
Casting: Ensorcelled Hibernation (safe; 10% risk of failure)
Confirm with . or Enter, or press ? or * to list all spells.
The spell is quite dangerous to miscast (7% risk of failure)!
Continue anyway?
Your hands begin to glow red.
Terence hits you from afar with a +1 trident of protection.
Terence hits you with a +1 trident of protection!
* * * LOW HITPOINT WARNING * * *
You hit Terence but do no damage. You bite Terence, but do no damage.
Terence says, "Time to say good-bye..."
Terence barely misses you.
You hit Terence but do no damage.
Terence hits you with a +1 trident of protection!
You die...

#.# #.# #### ####### #.#
#(..
#.....###.############... <.
+........................
...#.....###.############...
..!#.....# #.# #........'...
.......$.###.# #.###...##...
........wg@@.# #.# #...##...
......[..###.###.# #...#####
........w#.......# #...#
.........#.......###...#####
.........#.........#...#....
........$#.........#...#....
.........#........)#...#....
###......#.............#####
#......#...............# #


You could see Terence, a worm and a goblin.

Vanquished Creatures
  5 ball pythons
  2 endoplasms (D:1)
  3 giant cockroaches
  2 goblins (D:1)
  6 hobgoblins
  3 quokkas (D:1)
  A bat (D:1)
  3 kobolds
  2 rats
27 creatures vanquished.

Notes
Turn   | Place    | Note
-------+----------+-------------------------------------------
     0 | D:1      | koil the Vampire Enchanter began the quest for the Orb.
     0 | D:1      | Reached XP level 1. HP: 13/13 MP: 3/3
    15 | D:1      | Found Baqiq's Jewellery Boutique.
   129 | D:1      | Found Giedipt's Antique Armour Emporium.
   173 | D:1      | Found Miharieda's Assorted Antiques.
   288 | D:1      | Found Wotetuocw's Armour Shoppe.
   380 | D:1      | Reached XP level 2. HP: 19/19 MP: 5/5
   388 | D:1      | Learned a level 2 spell: Ensorcelled Hibernation
   398 | D:1      | Found Gogu's Armour Shop.
  1067 | D:2      | Gained mutation: You are afflicted with vampirism and can
                  | become a bat while bloodless. [Vampire growth]
  1067 | D:2      | Reached XP level 3. HP: 25/25 MP: 6/6
  1076 | D:2      | Learned a level 3 spell: Confusing Touch
  1082 | D:2      | Found an ornate altar of the Wu Jian Council.
  1296 | D:2      | Noticed Terence
  1309 | D:2      | Slain by Terence

Illustrated notes

Levels and vault maps discovered:
D:1:      heliophobic_arrival_henge, layout_loops_corners, serial_shops,
          nicolae_shop_advertising_works [nicolae_subvault_shop_adworks],
          shop_fountains, shop_fountains, nicolae_diamond_shop,
          nicolae_shop_crystal, grunt_decor_resistance,
          chequers_serial_rivers_room_b, corexii_item_surrounded_by_moat,
          minmay_misc_feat_x
D:2:      layout_basic, basic_altar, uniq_terence

Action                   || total
-------------------------++-------
Melee: Dagger            ||    87
       Bite              ||     9
       Punch             ||     1
 Cast: Confusing Touch   ||     1
       Ensorcelled Hiber ||     1
 Stab: Sleeping          ||    10
Armor: Robe              ||    21
Dodge: Dodged            ||    46

Table legend: (Time is in decaauts)
 A = Elapsed time spent in this place.
 B = Non-inter-level travel time spent in this place.
 C = Inter-level travel time spent in this place.
 D = Time resting spent in this place.
 E = Time spent auto-exploring this place.
 F = Levels seen in this place.
 G = Mean time per level.
                   A        B        C        D        E       F      G
               +--------+--------+--------+--------+--------+-----+--------+
         Total |   1305 |   1266 |     39 |      0 |   1018 |   2 |  652.5 |
       Dungeon |   1305 |   1266 |     39 |      0 |   1018 |   2 |  652.5 |
               +--------+--------+--------+--------+--------+-----+--------+

Top non-repeatable levels by time:
     D:1: 999 daAuts
     D:2: 305 daAuts
